 Dungeon Crawl Stone Soup version 0.27.1-3-gb3d3a73c9e (webtiles) character file.

Game seed: 4939230576186097858

552 Urokeeper the Sneak (level 7, -26/40 HPs)
             Began as a Kobold Hunter on Oct 18, 2021.
             Killed from afar by a lich (29 damage)
             ... with a bolt of cold
             ... on level 1 of the Abyss.
             The game lasted 00:14:00 (3885 turns).

Urokeeper the Sneak (Kobold Hunter)                 Turns: 3885, Time: 00:14:01

Health: -26/40     AC:  8    Str: 11    XL:     7   Next: 55%
Magic:  7/7        EV: 13    Int: 12    God:
Gold:   288        SH:  0    Dex: 16    Spells: 6/6 levels left

rFire    . . .     SeeInvis .   a - +1 hand crossbow
rCold    . . .     Faith    .   (shield restricted)
rNeg     . . .     Spirit   .   q - +0 swamp dragon scales
rPois    +         Reflect  .   (no helmet)
rElec    .         Harm     .   (no cloak)
rCorr    .         Rampage  .   h - +0 pair of gloves
Will     .....                  (no boots)
Stlth    ++++......             (no amulet)
HPRegen  0.13/turn              (no ring)
MPRegen  0.10/turn              (no ring)

@: no status effects
A: small, no large weapons, nightstalker 3
a: no special abilities


You were on level 1 of the Abyss.
You visited 1 branch of the dungeon, and saw 4 of its levels.
You visited the Abyss 1 time.

You collected 288 gold pieces.

Inventory:

Hand Weapons
 a - a +1 hand crossbow (weapon)
 c - a +2 morningstar of distortion
 k - a +1 mace of holy wrath
 u - a +0 rapier
Missiles
 d - 17 bolts (quivered ammo)
Armour
 h - a +0 pair of gloves (worn)
 i - a +0 barding
 m - a +0 buckler
 o - a +0 ring mail
 q - +0 swamp dragon scales (worn)
 r - a +1 scale mail of fire resistance
Scrolls
 b - a scroll of fear {unknown}
 e - a scroll of fog
 f - 2 scrolls of teleportation
 g - a scroll of amnesia
 j - a scroll of noise
 p - a scroll of magic mapping
 s - a scroll of blinking {unknown}
 t - a scroll of brand weapon {unknown}
Potions
 l - a potion of mutation
 n - 2 potions of lignification {unknown}
 v - a potion of might {unknown}


   Skills:
 - Level 2.1 Fighting
 - Level 5.7 Short Blades
 * Level 0.8 Maces & Flails
 + Level 6.2 Crossbows
 - Level 2.4 Dodging
 * Level 6.9 Stealth


You had 6 spell levels left.
You didn't know any spells.
Your spell library was empty.

Dungeon Overview and Level Annotations

Branches:
Dungeon (4/15)
 Temple: D:4-7

Altars:

Annotations:
D:2 exclusion: scorpion
D:4 exclusion: ogre


Innate Abilities, Weirdness & Mutations

You are small and have problems with some larger weapons.
You are completely attuned to the shadows.


Message History

An iguana comes into view.
a - a +1 hand crossbow (weapon)
You are cast into the Abyss!
To return, you must find a gate leading back.
Killing monsters will force the Abyss to allow you passage.
This branch contains the abyssal rune of Zot.
Found 52 gold pieces, a golden potion and a scroll labelled JUANTA NOJOLE.
Found a gateway leading deeper into the Abyss.
n - 2 golden potions (gained 1)
t - a scroll labelled JUANTA NOJOLE
Found a corrupted altar of Lugonu.
You now have 211 gold pieces (gained 52).
Found 22 gold pieces.
You now have 233 gold pieces (gained 22).
Found a brown potion.
Found a scythe.
v - a brown potion
Found 55 gold pieces.
You now have 288 gold pieces (gained 55).
A glowing orange brain comes into view.
A lich comes into view.
The lich shouts!
The lich mumbles some strange words.
The lich flickers and vanishes!
Deactivating autopickup; reactivate with Ctrl-A.
Something barely misses you.
Something touches you but does no damage.
You hear some strange, mumbled words.
A bolt of cold appears from out of thin air!
The bolt of cold hits you!!!
Ouch! That really hurt!
* * * LOW HITPOINT WARNING * * *
Something conjures a glowing orb.
An orb of destruction comes into view.
The orb of destruction hits a stone wall.
You hear some strange, mumbled words.
A bolt of cold appears from out of thin air!
The bolt of cold hits you!!
Ouch! That really hurt!
You die...

.
.....#...###
#..#..##.....
.........###
......##...#
##.#.###{##..
....#.○.## #
#.#..#..#
#..#..###
##.@##...
##..#.##
.##.# #. ...
.. ..


There were no monsters in sight!

Vanquished Creatures
  Eustachio (D:4)
  Blork the orc (D:4)
  An orc priest (D:3)
  A centaur skeleton (D:4)
  An orc wizard (D:3)
  A hound skeleton (D:4)
  12 adders
  5 dart slugs
  8 orcs
  2 ball pythons
  3 endoplasms
  2 giant cockroaches
  2 goblins
  2 hobgoblins (D:1)
  4 quokkas
  8 bats
  3 frilled lizards
  7 kobolds
  A rat (D:3)
65 creatures vanquished.

Notes
Turn   | Place    | Note
-------+----------+-------------------------------------------
     0 | D:1      | Urokeeper the Kobold Hunter began the quest for the Orb.
     0 | D:1      | Reached XP level 1. HP: 12/12 MP: 1/1
    70 | D:1      | Reached skill level 1 in Short Blades
    71 | D:1      | Reached XP level 2. HP: 17/17 MP: 2/2
   310 | D:1      | Reached skill level 5 in Crossbows
   509 | D:1      | Reached XP level 3. HP: 21/21 MP: 3/3
   977 | D:2      | Noticed a scorpion
  1051 | D:2      | Reached XP level 4. HP: 24/26 MP: 4/4
  2256 | D:3      | Reached XP level 5. HP: 30/30 MP: 5/5
  2533 | D:3      | Reached skill level 5 in Stealth
  2533 | D:3      | Reached XP level 6. HP: 33/35 MP: 6/6
  3053 | D:4      | Noticed an ogre
  3093 | D:4      | Noticed Blork the orc
  3101 | D:4      | Killed Blork the orc
  3102 | D:4      | Reached skill level 5 in Short Blades
  3381 | D:4      | Noticed Eustachio
  3388 | D:4      | Killed Eustachio
  3389 | D:4      | Reached XP level 7. HP: 36/40 MP: 7/7
  3762 | D:4      | Cast into level 1 of the Abyss (unwielding a weapon of
                  | distortion)
  3772 | Abyss:1  | Found a corrupted altar of Lugonu.
  3869 | Abyss:1  | Noticed a glowing orange brain
  3874 | Abyss:1  | Noticed a lich
  3885 | Abyss:1  | Killed from afar by a lich

Illustrated notes

Levels and vault maps discovered:
D:1:      roderic_octagonal_star, layout_basic
D:2:      layout_basic
D:3:      layout_rooms
D:4:      layout_loops_corners, lemuel_round_altar, wad_orctagon,
          uniq_eustachio, uniq_blork_the_orc
Abyss:1:  base: Temple, gammafunk_corrupted_shrine, evilmike_abyss_exit_15

Skill      XL: |  1  2  3  4  5  6 |
---------------+-------------------+-----
Short Blades   | 1 2 3 4 5 |  5.7
Stealth        | 2 3 4 5 6 |  6.9
Crossbows      | 5 6 |  6.2
Fighting       | |  2.1
Maces & Flails | |  0.8
Dodging        | |  2.4

Action                   |  1- 3 |  4- 6 |  7- 9 || total
-------------------------+-------+-------+-------++-------
Melee: Mace              |       |    12 |       ||    12
       Morningstar       |       |     3 |     6 ||     9
 Fire: Hand crossbow     |    40 |   110 |       ||   150
  Use: Scroll            |       |     6 |       ||     6
Armor: Leather armour    |     2 |       |       ||     2
       Ring mail         |       |     2 |       ||     2
       Swamp dragon scal |       |    32 |     1 ||    33
Dodge: Dodged            |     7 |    50 |     4 ||    61
